 Dungeon Crawl Stone Soup version 0.30-a0-857-gcaf70739d4 (webtiles) character file.

Game seed: 9032268493928205392

70 dialectric the Covered (level 4, -5/28 HPs)
             Began as a Gargoyle Fighter on Mar 5, 2023.
             Slain by a gnoll
             ... wielding a +0 flail
              (10 damage)
             ... on level 3 of the Dungeon.
             The game lasted 00:01:25 (1258 turns).

dialectric the Covered (Gargoyle Fighter)           Turns: 1258, Time: 00:01:25

Health: -5/28      AC: 10    Str: 21    XL:     4   Next: 21%
Magic:  4/4        EV: 10    Int:  9    God:
Gold:   44         SH:  0    Dex:  9    Spells: 3/3 levels left

rFire   . . .      SeeInvis .    a - +0 long sword
rCold   . . .      Faith    .    (no shield)
rNeg    + . .      Spirit   .    b - +0 scale mail
rPois   ∞          Reflect  .    (no helmet)
rElec   +          Rampage  .    (no cloak)
rCorr   .                        (no gloves)
Will    .....                    (no boots) Stlth
                                 (no amulet)
HPRegen 0.24/turn                (no ring)
MPRegen 0.09/turn                (no ring)

@: no status effects
A: sickness immunity, AC +3, negative energy resistance 1, electricity
resistance, torment resistance 1, petrification resistance
a: no special abilities


You were on level 3 of the Dungeon.
You visited 1 branch of the dungeon, and saw 3 of its levels.

You collected 44 gold pieces.

Inventory:

Hand Weapons
 a - a +0 long sword (weapon)
Armour
 b - a +0 scale mail (worn)
 c - a +0 buckler
Scrolls
 e - a scroll of teleportation {unknown}
 f - a scroll of identify {unknown}
 g - a scroll of immolation {unknown}
 i - a scroll of enchant armour {unknown}
 j - a scroll of fear {unknown}
 k - a scroll of magic mapping {unknown}
Potions
 d - a potion of might
 h - a potion of flight {unknown}


   Skills:
 - Level 3.2 Fighting
 + Level 3.0 Long Blades
 + Level 3.9 Armour
 * Level 1.3 Dodging
 - Level 3.2 Shields


You had 3 spell levels left.
You didn't know any spells.
Your spell library contained the following spells:

 Spells                   Type           Power      Damage    Failure   Level
 Hailstorm                Conj/Ice       0%         3d3       97%         3
 Ice Form                 Ice/Tmut       0%         N/A       100%        4
 Simulacrum               Ice/Necr       0%         N/A       100%        6


Dungeon Overview and Level Annotations

Branches:
Dungeon (3/15)

Altars:


Innate Abilities, Weirdness & Mutations

You are immune to sickness and miasma.
Your stone body is resilient. (AC +3)
You are immune to poison.
You resist negative energy. (rN+)
You are resistant to electric shocks. (rElec)
You are resistant to unholy torment.
You are immune to petrification.


Message History

Found a stone staircase leading down.
There is a stone staircase leading up here.
Unknown command.
There are monsters nearby!
The frilled lizard bites you but does no damage.
A kobold comes into view. It is wielding a +0 club.
There are monsters nearby!
You slash the goblin!
You kill the goblin!
The frilled lizard bites you.
You miss the frilled lizard. The frilled lizard closely misses you.
The gnoll attacks as you move away! The gnoll hits you with a +0 flail.
A bat comes into view.
The frilled lizard barely misses you.
You see here a +0 club.
The frilled lizard bites you but does no damage.
The gnoll attacks as you move away! The gnoll hits you with a +0 flail.
Found 9 gold pieces.
The bat barely misses you. The kobold hits you but does no damage.
The kobold attacks as you move away! The kobold misses you.
The gnoll attacks as you move away! The gnoll hits you with a +0 flail.
The gnoll barely misses you. The gnoll attacks as you move away!
The gnoll hits you but does no damage. The gnoll attacks as you move away!
The gnoll barely misses you.
Found 5 stones.
The gnoll closely misses you. The gnoll barely misses you.
The gnoll hits you from afar with a +0 halberd!
* * * LOW HITPOINT WARNING * * *
The bat attacks as you move away! The bat barely misses you.
The bat hits you but does no damage. The gnoll hits you but does no damage.
There is an escape hatch in the ceiling here.
The bat hits you but does no damage. The gnoll attacks as you move away!
The gnoll hits you with a +0 flail.
* * * LOW HITPOINT WARNING * * *
The bat attacks as you move away! The bat misses you.
The bat hits you but does no damage. The gnoll barely misses you.
The gnoll hits you but does no damage. The gnoll attacks as you move away!
The gnoll hits you with a +0 flail!
You die...

#l#.# #K#.# +
#.#.####
#.#.#.K..#
#...####.########
#.#.K...........#
...#....g......#.
.(..
###.bg).....#
.....
#.g.@.####.. ....
#....<# . ....
#.###.# #.. ....
#$.......
#......>..#
#.........#
#....$....#
#.........#


You could see 3 gnolls, a bat and a kobold.

Vanquished Creatures
  3 adders (D:2)
  A worm (D:2)
  3 dart slugs (D:1)
  3 endoplasms
  2 giant cockroaches (D:1)
  4 goblins
  2 hobgoblins
  3 ball pythons
  4 bats (D:1)
  4 frilled lizards
  2 kobolds (D:1)
  5 rats
36 creatures vanquished.

Notes
Turn   | Place    | Note
-------+----------+-------------------------------------------
     0 | D:1      | dialectric the Gargoyle Fighter began the quest for the
                  | Orb.
     0 | D:1      | Reached XP level 1. HP: 14/14 MP: 1/1
    68 | D:1      | Reached XP level 2. HP: 15/19 MP: 2/2
   455 | D:1      | Reached XP level 3. HP: 20/23 MP: 3/3
   583 | D:1      | Reached skill level 1 in Dodging
  1052 | D:2      | Reached XP level 4. HP: 25/28 MP: 4/4
  1258 | D:3      | Slain by a gnoll

Illustrated notes

Levels and vault maps discovered:
D:1:      wander_arrival_chamber, layout_loops_ring, serial_forest,
          infiniplex_forest_clump_C, infiniplex_forest_clump_small,
          infiniplex_forest_diagonal, infiniplex_forest_lined_room_2,
          infiniplex_forest_side_room, infiniplex_forest_clump_medium,
          infiniplex_forest_lined_3_way, minivault_25
D:2:      wander_river, layout_loops_ring, uniq_crazy_yiuf_cottage, uniq_jessica
D:3:      minmay_spotlight, layout_basic, minmay_statues_item

Skill      XL: |  1  2  3  4 |
---------------+-------------+-----
Long Blades    | 2 3 |  3.0
Dodging        | 1 |  1.3
Fighting       | |  3.2
Armour         | |  3.9
Shields        | |  3.2

Action                     |  1- 3 |  4- 6 || total
---------------------------+-------+-------++-------
  Melee: Long sword        |    98 |    24 ||   122
         Punch             |       |     1 ||     1
 Armour: Scale mail        |    57 |    22 ||    79
  Dodge: Dodged            |    64 |    22 ||    86

Table legend: (Time is in decaauts)
 A = Elapsed time spent in this place.
 B = Non-inter-level travel time spent in this place.
 C = Inter-level travel time spent in this place.
 D = Time resting spent in this place.
 E = Time spent auto-exploring this place.
 F = Levels seen in this place.
 G = Mean time per level.
                   A        B        C        D        E       F      G
               +--------+--------+--------+--------+--------+-----+--------+
         Total |   1306 |   1258 |     48 |      0 |    926 |   3 |  435.3 |
       Dungeon |   1306 |   1258 |     48 |      0 |    926 |   3 |  435.3 |
               +--------+--------+--------+--------+--------+-----+--------+

Top non-repeatable levels by time:
     D:1: 895 daAuts
     D:2: 385 daAuts
     D:3: 25 daAuts
